 Dungeon Crawl Stone Soup version 0.17.0-26-gececa24 (webtiles) character file.

324 MDvedh the Ruffian (level 6, -1/48 HPs)
             Began as a Ghoul Skald on Nov 19, 2015.
             Slain by an adder (3 damage)
             ... in a sewer.
             The game lasted 00:06:02 (2930 turns).

MDvedh the Ruffian (Ghoul Skald)                    Turns: 2930, Time: 00:06:02

Health: -1/48      AC:  8    Str: 18    XL:     6   Next: 48%
Magic:  7/7        EV:  4    Int:  7    God:
Gold:   150        SH:  0    Dex:  8    Spells: 1 memorised, 7 levels left

rFire  . . .     SeeInvis .       - Unarmed
rCold  + . .     Clarity  +     e - +0 chain mail
rNeg   + + +     SustAt   .     (no shield)
rPois  ∞         Gourm    .     (no helmet)
rElec  .         Spirit   .     (no cloak)
rCorr  .         Warding  .     (no gloves)
rMut   .         Stasis   .     (no boots)
MR     .....                    l - amulet of clarity
Stlth  ..........               (no ring)
                                (no ring)

@: rotting, constricted, not resistant to hostile enchantments, extremely
unstealthy
A: rotting body, claws 1, carnivore 3, cold resistance 1, negative energy
resistance 3, slow regeneration 1, torment resistance, unbreathing
a: no special abilities


You were in a sewer.
You were not hungry.

You visited 1 branch of the dungeon, and saw 4 of its levels.
You also visited: Sewer.

You collected 150 gold pieces.

Inventory:

Armour
 e - a +0 chain mail (worn)
Jewellery
 l - an amulet of clarity (around neck)
Scrolls
 a - 6 scrolls of remove curse {unknown}
 c - 3 scrolls of identify {unknown}
 d - 2 scrolls of blinking {unknown}
 j - 4 scrolls of amnesia {unknown}
 k - a scroll of recharging {unknown}
 o - 3 scrolls of magic mapping {unknown}
 p - a scroll of fear {unknown}
 q - a scroll of immolation {unknown}
 s - a scroll of enchant armour {unknown}
 v - a scroll of fog {unknown}
Potions
 g - 2 potions of might {unknown}
 h - a potion of cancellation {unknown}
 i - 2 potions of ambrosia {unknown}
 m - 2 potions of agility {unknown}
 r - 2 potions of berserk rage {unknown}
 t - a potion of brilliance {unknown}
 w - 3 potions of magic {unknown}
 x - a potion of curing {unknown}
 z - a potion of heal wounds {unknown}
Books
 b - a book of Battle

   Spells                             Type                      Level
   a - Infusion                       Charms                       1
   b - Shroud of Golubria             Charms/Translocation         2
   c - Song of Slaying                Charms                       2
   d - Spectral Weapon                Hexes/Charms                 3
   e - Regeneration                   Charms/Necromancy            3
 f - a book of Burglary

   Spells                             Type                      Level
   a - Swiftness                      Charms/Air                   2
   b - Passwall                       Transmutation/Earth          3
   c - Passage of Golubria            Translocation                4
   d - Lee's Rapid Deconstruction     Earth                        5
   e - Darkness                       Hexes                        6
   f - Invisibility                   Hexes                        6
Comestibles
 n - a meat ration
 u - 10 chunks of flesh


   Skills:
 - Level 2.1 Fighting
 - Level 0.8 Armour
 - Level 0.8 Dodging
 + Level 7.3 Unarmed Combat
 - Level 1.7 Spellcasting
 - Level 2.6 Charms


You had 7 spell levels left.
You knew the following spells:

 Your Spells              Type           Power        Failure   Level  Hunger
a - Infusion              Chrm           #.....       99%         1    ##.....


Dungeon Overview and Level Annotations

Branches:
Dungeon (4/15)
 Temple: D:4-7

Altars:
Dithmenos
Okawaru
Qazlal
Xom


Innate Abilities, Weirdness & Mutations

Your body is rotting away.
You thrive on raw meat.
You are immune to poison.
You have sharp fingernails.
You are carnivorous and can eat meat at any time.
Your flesh is cold resistant.
You are immune to negative energy.
You regenerate slowly when monsters are visible.
You are immune to unholy pain and torment.
You can survive without breathing.


Message History

The ball python bites you but does no damage. x2
The adder bites you.
* * * LOW HITPOINT WARNING * * *
You continue eating.
The adder bites you but does no damage. x2
The ball python bites you but does no damage.
The ball python constricts you.
The ball python bites you but does no damage. x2
The adder closely misses you. The adder bites you.
* * * LOW HITPOINT WARNING * * *
The adder bites you.
* * * LOW HITPOINT WARNING * * *
You continue eating.
The ball python bites you but does no damage.
The ball python constricts you. The adder bites you but does no damage.
The ball python bites you but does no damage. x2
The adder bites you.
* * * LOW HITPOINT WARNING * * *
The adder bites you.
You die...

≈≈≈≈≈≈#
#≈≈≈≈≈≈#
≈≈††≈≈#
#≈≈≈≈≈≈#
≈...†≈#
#≈≈≈≈≈≈#
......#
#≈≈≈≈≈≈#
≈....≈#
#≈≈≈≈≈≈#
≈≈.≈≈≈#
#≈≈≈≈≈≈#
≈≈≈≈≈≈#
#≈≈≈≈≈≈#
≈≈≈≈≈≈#
#≈≈≈S≈≈#
≈≈≈≈≈≈#
#≈S@S≈≈#
≈≈≈≈≈≈#
#≈SSS≈≈#
≈≈≈≈≈≈#
#≈≈S≈≈≈#
≈≈≈≈≈≈#
#≈≈≈≈≈≈#
≈≈≈≈≈≈#
#≈≈≈≈≈≈#
......#
#......#
......#
#......#
.....##
#......#
.....#
+......#


You could see 3 adders and 4 ball pythons.

Vanquished Creatures
  Jessica (D:2)
  Natasha (D:3)
  A worker ant (D:4)
  A hound skeleton (D:4)
  7 adders
  5 river rats (Sewer)
  3 oozes
  An adder skeleton (D:4)
  3 worms (D:2)
  2 giant geckos
  An orc (D:3)
  10 ball pythons
  9 hobgoblins
  6 jackals
  3 quokkas
  12 bats
  7 giant cockroaches
  4 giant newts
  7 goblins
  5 kobolds
  28 rats
117 creatures vanquished.

Notes
Turn   | Place    | Note
--------------------------------------------------------------
     0 | D:1      | MDvedh the Ghoul Skald began the quest for the Orb.
     0 | D:1      | Reached XP level 1. HP: 17/17 MP: 2/2
     4 | D:1      | Found a shimmering altar of Xom.
    94 | D:1      | Reached XP level 2. HP: 23/23 MP: 3/3
   102 | D:1      | Reached skill level 3 in Unarmed Combat
   650 | D:2      | Reached XP level 3. HP: 29/29 MP: 4/4
   719 | D:2      | Reached skill level 4 in Unarmed Combat
   778 | D:2      | Noticed Jessica
   802 | D:2      | Killed Jessica
   802 | D:2      | Reached XP level 4. HP: 23/36 MP: 5/5
  1055 | D:2      | Reached skill level 5 in Unarmed Combat
  1127 | D:2      | Found an iron altar of Okawaru.
  1357 | D:3      | Found a shadowy altar of Dithmenos.
  1361 | D:3      | Noticed Natasha
  1367 | D:3      | Killed Natasha
  1367 | D:3      | Reached XP level 5. HP: 33/41 MP: 6/6
  1618 | D:3      | Found a stormy altar of Qazlal.
  2131 | D:4      | Reached skill level 6 in Unarmed Combat
  2403 | D:4      | Found a glowing drain.
  2443 | Sewer    | Entered a sewer
  2568 | Sewer    | Reached XP level 6. HP: 37/48 MP: 7/7
  2691 | Sewer    | Reached skill level 7 in Unarmed Combat
  2927 | Sewer    | HP: 2/48 [adder (4)]
  2930 | Sewer    | Slain by an adder

Action                   |  1- 3 |  4- 6 || total
-------------------------+-------+-------++-------
Melee: Unarmed           |   108 |   309 ||   417
  Eat: Chunk             |     6 |    32 ||    38
       Meat ration       |       |     1 ||     1
